 Dungeon Crawl Stone Soup version 0.29.1-1-gd02db6906a (webtiles) character file.

Game seed: 8289678396423179281

41559 Zeld the Severer (level 13, -5/122 HPs)
             Began as a Minotaur Berserker on Oct 9, 2022.
             Was a High Priest of Trog.
             Slain by an ogre mage
             ... wielding a +0 spear
              (9 damage)
             ... on level 1 of the Orcish Mines.
             The game lasted 00:24:22 (22838 turns).

Zeld the Severer (Minotaur Berserker)              Turns: 22838, Time: 00:24:22

Health: -5/122     AC: 20    Str: 25    XL:     13   Next: 80%
Magic:  12/12      EV: 10    Int:  4    God:    Trog [*****.]
Gold:   1508       SH: 11    Dex: 12    Spells: 12/12 levels left

rFire   + . .      SeeInvis +   a - +0 war axe
rCold   + . .      Faith    .   z - +0 kite shield
rNeg    . . .      Spirit   .   b - +0 plate armour
rPois   +          Reflect  +   (helmet restricted)
rElec   .          Harm     .   n - scarf {rC+ rF+}
rCorr   .          Rampage  .   i - +0 pair of gloves
Will    .....                   P - +0 pair of boots
Stlth   ..........              U - amulet of reflection
HPRegen 0.30/turn               j - ring of see invisible
MPRegen 0.13/turn               w - ring of poison resistance

@: studying 2 skills
A: horns 2, retaliatory headbutt
a: Renounce Religion, Berserk, Trog's Hand, Brothers in Arms


You were on level 1 of the Orcish Mines.
You worshipped Trog.
Trog was extremely pleased with you.
You visited 3 branches of the dungeon, and saw 16 of its levels.
You also visited: Sewer, Bailey and Gauntlet.

You collected 1989 gold pieces.
You spent 481 gold pieces at shops.

Inventory:

Hand Weapons
 a - a +0 war axe (weapon)
 G - a +0 scimitar of flaming
Missiles
 e - 4 boomerangs
 r - 26 poisoned darts
 t - 12 curare-tipped darts
 M - 4 datura-tipped darts
 T - 8 silver javelins
 Z - 2 atropa-tipped darts
Armour
 b - a +0 plate armour (worn)
 i - a +0 pair of gloves (worn)
 n - a scarf of resistance (worn)
 z - a +0 kite shield (worn)
 P - a +0 pair of boots (worn)
Jewellery
 j - a ring of see invisible (left hand)
 w - a ring of poison resistance (right hand)
 O - a ring of flight
 U - an amulet of reflection (around neck)
 V - a ring of ice
Wands
 u - a wand of mindburst (21)
 x - a wand of iceblast (16)
 y - a wand of polymorph (13)
 C - a wand of light (4)
 F - a wand of flame (20)
 J - a wand of paralysis (16)
Scrolls
 h - 5 scrolls of blinking
 s - 5 scrolls of enchant weapon
 B - a scroll of brand weapon
 H - 3 scrolls of poison
 I - a scroll of fear
 L - 3 scrolls of silence
 N - 3 scrolls of identify
 Q - 3 scrolls of teleportation
 R - a scroll of enchant armour
 X - 2 scrolls of butterflies
 Y - a scroll of summoning
Potions
 c - 2 potions of attraction {unknown}
 f - 5 potions of brilliance {unknown}
 g - 2 potions of might {unknown}
 k - 10 potions of magic {unknown}
 m - 3 potions of lignification {unknown}
 o - 2 potions of berserk rage {unknown}
 p - 7 potions of haste
 v - 2 potions of resistance {unknown}
 A - 6 potions of mutation {unknown}
 D - a potion of cancellation {unknown}
 E - 4 potions of curing
 K - 3 potions of heal wounds
 S - a potion of flight {unknown}
Miscellaneous
 d - a lightning rod (4/4)
 l - a phial of floods
 q - a phantom mirror


   Skills:
 + Level 13.4 Fighting
 - Level 18.0 Axes
 + Level 16.3 Armour
 + Level 12.0 Dodging


You had 12 spell levels left.
You didn't know any spells.
Your spell library was empty.

Dungeon Overview and Level Annotations

Branches:
Dungeon (13/15)            Temple (1/1) D:7            Lair (0/5) D:11
    Orc (2/2) D:10         Vaults (0/5) D:13          Sewer (visited)
 Bailey (visited)         Gauntlet (visited)
    Elf: Orc:2

Altars:
Ashenzari
Cheibriados
Dithmenos
Elyvilon
Fedhas
Gozag
Hepliaklqana
Kikubaaqudgha
Makhleb
Nemelex Xobeh
Okawaru
Qazlal
Ru
Sif Muna
Trog
Uskayaw
Vehumet
Wu Jian
Xom
Yredelemnul
Zin
The Shining One
Lugonu

Shops:
D:2 [   D:10 [*

Portals:
Abyss: D:3

Annotations:
D:13 Kirke
Orc:1 Erolcha


Innate Abilities, Weirdness & Mutations

You have a pair of horns on your head.
You reflexively headbutt those who attack you in melee.


Message History

You slash the orc!
You kill the orc!
Trog accepts your kill.
You slash the orc!
You kill the orc!
Trog accepts your kill.
Unknown command.
You slash Erolcha!
Erolcha is moderately wounded.
You slash the orc wizard! You hit the orc warrior.
Unknown command.
Unknown command.
Unknown command.
You closely miss the orc wizard. You headbutt the orc wizard!
You kill the orc wizard!
Trog accepts your kill.
Trog appreciates your killing of a magic user.
You slash the orc warrior! You slash Erolcha!
Erolcha casts a spell.
Erolcha flickers and vanishes for a moment.
The ogre mage points at you and mumbles some strange words.
You suddenly lose the ability to move!
The orc warrior hits you but does no damage.
Erolcha hits you with a +5 spectral giant club!!
The orc warrior hits you but does no damage.
The ogre mage mumbles some strange words.
The ogre mage flickers and vanishes for a moment.
The ogre hits you with a +0 giant club!
The orc warrior hits you with a +0 long sword.
Erolcha zaps a wand.
The puff of flame hits you but does no damage.
The ogre mage hits you from afar with a +0 spear!
The orc warrior hits you with a +0 long sword.
Erolcha hits you with a +5 spectral giant club!!!
* * * LOW HITPOINT WARNING * * *
You can move again.
The orc warrior hits you but does no damage.
You block the ogre's attack.
The ogre mage hits you from afar with a +0 spear!
You die...

*,,,,,,*****,,,**
*,,,,...##,,,,,,*
**,,,.....,,,,,**
**,,......,,***
***.....$,**
*.....o###
*....O.O.##
****#....OOO)#
*,**,,,#..o@.#**
**,,,,,,##.O..#,*
*,,,,,,**#......*
*,,,,,,,#.....###
***,,,,,#......*
*,,,,,.....###
***,,...#.##
**....##* *,,,,,*


You could see a two-headed ogre, an ogre mage (invisible), Erolcha (invisible),
an orc warrior, 3 ogres and an orc wizard (invisible).

Vanquished Creatures
  Nessos (D:13)
  Azrael (D:12)
  A minotaur (Gauntlet)
  A vault guard (D:13)
  2 boulder beetles
  3 two-headed ogres
  A centaur warrior (D:13)
  Sonja (D:10)
  The ghost of CougarLife the Zephyrmancer, a novice TeAE of Vehumet (D:8)
  Pikel (D:6)
  A deep elf pyromancer (D:13)
  3 necromancers (D:13)
  An orc knight (Bailey)
  An ugly thing (D:12)
  A moth of wrath (Gauntlet)
  Maurice (D:8)
  4 gargoyles
  2 unseen horrors (D:11)
  A kobold demonologist (D:12)
  An efreet (D:8)
  2 komodo dragons
  A yaktaur (D:13)
  An ice devil (Gauntlet)
  3 trolls
  5 meliai
  7 slime creatures
  A raiju (Gauntlet)
  Grinder (D:5)
  Sigmund (D:2)
  4 shadows
  The ghost of FastidiousMonk the Ruffian, an amateur TrGl (D:4)
  A yak (D:8)
  6 hogs (D:13)
  3 wraiths
  19 humans (D:13)
  2 wyverns
  4 fire elementals
  4 vampire mosquitoes
  Menkaure (D:6)
  Edmund (D:6)
  2 wargs
  5 water moccasins (D:11)
  3 acid dragons
  2 hell hounds (D:12)
  A black bear (D:5)
  Duvessa (D:6)
  11 orc warriors
  4 ice beasts
  3 sky beasts
  5 ogres
  5 wolves (Gauntlet)
  5 centaurs
  A lemure (D:6)
  7 kobold brigands
  A phantom (D:5)
  13 bullfrogs
  Blork the orc (D:6)
  A gnoll sergeant (D:8)
  2 necrophages
  7 scorpions
  8 wights
  Dowan (D:6)
  3 electric eels
  3 howler monkeys
  4 lava snakes (D:11)
  6 hounds
  3 jellies
  A gnoll bouda (D:8)
  4 orc priests
  Crazy Yiuf (D:2)
  Natasha (thrice) (D:2)
  4 iguanas (D:6)
  Ijyb (D:3)
  7 orc wizards
  A lightning spire (Gauntlet)
  A mummy (D:10)
  9 gnolls (Bailey)
  13 adders
  A river rat (Sewer)
  8 white imps
  9 worms
  56 orcs
  3 bats
  8 endoplasms
  5 giant cockroaches
  8 goblins
  11 hobgoblins
  4 jackals (D:1)
  22 kobolds
  2 quokkas
  12 ball pythons
  3 frilled lizards
  10 rats
412 creatures vanquished.

Vanquished Creatures (collateral kills)
  A boulder beetle (D:8)
  A hydra (D:12)
  A spriggan (shapeshifter) (D:8)
  An acid dragon (D:8)
  A centaur (D:9)
5 creatures vanquished.

Vanquished Creatures (others)
  An orc (D:8)
  33 fungi (D:11)
  41 plants
75 creatures vanquished.

Grand Total: 492 creatures vanquished

Notes
Turn   | Place    | Note
-------+----------+-------------------------------------------
     0 | D:1      | Zeld the Minotaur Berserker began the quest for the Orb.
     0 | D:1      | Reached XP level 1. HP: 19/19 MP: 0/0
    23 | D:1      | Found a faded altar of an unknown god.
    95 | D:1      | Reached XP level 2. HP: 24/27 MP: 1/1
    96 | D:1      | Reached skill level 4 in Axes
   963 | D:2      | Noticed Natasha
   967 | D:2      | Reached XP level 3. HP: 30/33 MP: 2/2
  1257 | D:2      | Killed Natasha
  1487 | D:2      | Noticed Natasha
  1493 | D:2      | Killed Natasha
  1494 | D:2      | Reached XP level 4. HP: 39/40 MP: 3/3
  1565 | D:2      | Found Ylyis's Armour Emporium.
  1629 | D:2      | Noticed Sigmund
  1638 | D:2      | Killed Sigmund
  1639 | D:2      | Reached skill level 5 in Axes
  1639 | D:2      | Reached XP level 5. HP: 47/47 MP: 4/4
  1806 | D:2      | Reached XP level 6. HP: 50/55 MP: 5/5
  1899 | D:2      | Reached ** piety under Trog
  2087 | D:2      | Noticed Natasha
  2092 | D:2      | Killed Natasha
  2093 | D:2      | Reached skill level 6 in Axes
  2273 | D:2      | Found a runed translucent door.
  2274 | D:2      | Noticed Crazy Yiuf
  2328 | D:2      | Killed Crazy Yiuf
  2329 | D:2      | Reached skill level 5 in Fighting
  2411 | D:3      | Found a glowing drain.
  2430 | Sewer    | Entered a sewer
  3055 | Sewer    | Reached XP level 7. HP: 17/61 MP: 6/6
  3574 | D:3      | Found a one-way gate to the infinite horrors of the Abyss.
  3656 | D:3      | Noticed Ijyb
  3663 | D:3      | Killed Ijyb
  3847 | D:3      | Found a shadowy altar of Dithmenos.
  3879 | D:3      | Reached skill level 7 in Axes
  3969 | D:3      | Found a glowing golden altar of the Shining One.
  4017 | D:3      | Found a stormy altar of Qazlal.
  4150 | D:3      | Found a large runed translucent door.
  4151 | D:3      | Found a large runed translucent door.
  4404 | D:3      | Found a corrupted altar of Lugonu.
  4508 | D:3      | Reached *** piety under Trog
  4855 | D:4      | Noticed a +0 dagger
  4855 | D:4      | Noticed a +0 spear
  4855 | D:4      | Noticed a +0 falchion
  4856 | D:4      | Noticed a +0 dagger
  4858 | D:4      | Noticed a +0 spear
  4859 | D:4      | Noticed a +0 short sword
  4860 | D:4      | Noticed a +0 short sword
  4861 | D:4      | Noticed a +0 falchion
  4862 | D:4      | Found a hide-covered altar of Uskayaw.
  4894 | D:4      | Reached skill level 5 in Armour
  5176 | D:4      | Found a runed translucent door.
  5177 | D:4      | Noticed FastidiousMonk's ghost (amateur TrGl)
  5654 | D:4      | You fall into a shaft and drop 3 floors!
  5674 | D:7      | Reached skill level 8 in Axes
  5674 | D:7      | Reached XP level 8. HP: 43/70 MP: 4/7
  5704 | D:7      | Reached skill level 5 in Dodging
  5719 | D:7      | Found a hazy altar of Hepliaklqana.
  5741 | D:7      | Found a flagged portal.
  5750 | Bailey   | Entered a bailey
  6989 | Bailey   | Noticed an orc knight
  7003 | Bailey   | Killed an orc knight
  7004 | Bailey   | Reached skill level 9 in Axes
  7349 | D:7      | Found a staircase to the Ecumenical Temple.
  7367 | Temple   | Entered the Ecumenical Temple
  7445 | D:6      | Noticed Pikel
  7455 | D:6      | Killed Pikel
  7456 | D:6      | Reached skill level 10 in Axes
  7456 | D:6      | Reached XP level 9. HP: 79/79 MP: 8/8
  7483 | D:6      | Noticed Duvessa
  7514 | D:6      | Noticed Dowan
  7520 | D:6      | Killed Duvessa
  7527 | D:6      | Killed Dowan
  7722 | D:6      | Identified the +1 ring mail "Natsuen" {+Inv Int+5}
  7773 | D:6      | Reached **** piety under Trog
  7814 | D:6      | Noticed Blork the orc
  7823 | D:6      | Killed Blork the orc
  7893 | D:6      | Noticed Menkaure
  7899 | D:6      | Killed Menkaure
  8156 | D:5      | Entered Level 5 of the Dungeon
  8300 | D:5      | Noticed Grinder
  8311 | D:5      | Killed Grinder
  8609 | D:4      | Found a sacrificial altar of Ru.
  8803 | D:4      | Killed FastidiousMonk's ghost
  8804 | D:4      | Reached skill level 11 in Axes
 10066 | D:6      | Noticed Edmund
 10079 | D:6      | Killed Edmund
 10358 | D:6      | Found a hazy altar of Hepliaklqana.
 10374 | D:6      | Reached XP level 10. HP: 64/89 MP: 7/9
 11146 | D:7      | Found a basalt altar of Yredelemnul.
 11885 | D:7      | Identified 2 scrolls of acquirement
 11887 | D:7      | Acquired a manual of Armour
 11893 | D:7      | Acquired 805 gold pieces
 11975 | D:8      | Noticed Maurice
 12116 | D:8      | Killed Maurice
 12117 | D:8      | Reached skill level 12 in Axes
 12295 | D:8      | Found a shimmering altar of Xom.
 12295 | D:8      | Found a shimmering blue altar of Sif Muna.
 12822 | D:8      | Noticed a boulder beetle
 12836 | D:8      | Killed a boulder beetle
 12839 | D:8      | Identified the +5 trident of the Riding Coward {vorpal, rC+
                  | rN+ Stlth-}
 12840 | D:8      | Noticed a boulder beetle
 12857 | D:8      | Reached skill level 13 in Axes
 12857 | D:8      | Reached skill level 10 in Armour
 12857 | D:8      | HP: 4/138 [boulder beetle (18)]
 12864 | D:8      | Killed a boulder beetle
 12865 | D:8      | Reached XP level 11. HP: 9/99 MP: 1/10
 12896 | D:9      | Reached skill level 10 in Fighting
 12897 | D:10     | Entered Level 10 of the Dungeon
 12938 | D:10     | Noticed a two-headed ogre
 13111 | D:9      | Reached skill level 14 in Axes
 13111 | D:9      | Reached XP level 12. HP: 110/110 MP: 11/11
 13131 | D:8      | Reached skill level 15 in Axes
 13326 | D:8      | Reached skill level 10 in Dodging
 13649 | D:8      | Found an iron altar of Okawaru.
 13755 | D:8      | Found a runed translucent gate.
 13755 | D:8      | Found a runed translucent gate.
 13755 | D:8      | Found a runed translucent gate.
 13758 | D:8      | Noticed CougarLife's ghost (novice TeAE)
 14219 | D:9      | Found a transporter.
 14861 | D:9      | Found a transporter.
 15323 | D:10     | Found Ygafaf's Assorted Antiques.
 15375 | D:10     | Bought a wand of flame (11) for 223 gold pieces
 15375 | D:10     | Bought a scroll labelled JITAOM XIPRARGH for 29 gold pieces
 15375 | D:10     | Bought a scroll of identify for 58 gold pieces
 15375 | D:10     | Bought a twisted steel ring for 145 gold pieces
 15375 | D:10     | Bought a pink potion for 26 gold pieces
 15403 | D:10     | Found Opoext's Armour Shop.
 15405 | D:10     | Found a staircase to the Orcish Mines.
 15663 | D:10     | Killed a two-headed ogre
 15780 | D:10     | Noticed Sonja
 15805 | D:10     | Killed Sonja
 16268 | D:10     | Found a snail-covered altar of Cheibriados.
 16461 | D:11     | Found a gate leading to a gauntlet.
 16476 | Gauntlet | Entered a Gauntlet
 16476 | Gauntlet | Found a runed translucent door.
 16476 | Gauntlet | Found a transporter.
 16476 | Gauntlet | Found a runed translucent door.
 16476 | Gauntlet | Found a transporter.
 16476 | Gauntlet | Found a transporter.
 16488 | Gauntlet | Found a transporter.
 16491 | Gauntlet | Found a transporter.
 16502 | Gauntlet | Found a transporter.
 16507 | Gauntlet | Found a transporter.
 16510 | Gauntlet | Found a transporter.
 16528 | Gauntlet | Found a transporter.
 16545 | Gauntlet | Found a transporter.
 16548 | Gauntlet | Found a transporter.
 16558 | Gauntlet | Found a transporter.
 16756 | Gauntlet | Reached skill level 16 in Axes
 16984 | Gauntlet | Identified the ring "Ire Hil" {Fire Str+6 Stlth-}
 17010 | Gauntlet | Identified the ring of Ecagur {rF+ Str-5 Int+2 Stlth+}
 17010 | Gauntlet | Noticed a minotaur
 17025 | Gauntlet | Killed a minotaur
 17177 | D:11     | Reached ***** piety under Trog
 17273 | D:11     | Found a staircase to the Lair.
 17994 | D:12     | Reached XP level 13. HP: 114/119 MP: 12/12
 18879 | D:8      | Killed CougarLife's ghost
 19502 | D:12     | Noticed Azrael
 19520 | D:12     | Killed Azrael
 19521 | D:12     | Reached skill level 17 in Axes
 19521 | D:12     | Reached skill level 15 in Armour
 21153 | D:13     | Noticed Nessos
 21164 | D:13     | Killed Nessos
 21802 | D:13     | Found a gate to the Vaults.
 22011 | D:13     | Noticed Kirke
 22012 | D:13     | Reached skill level 18 in Axes
 22038 | D:13     | Noticed a sphinx
 22362 | D:13     | Noticed a sphinx
 22713 | Orc:1    | Entered Level 1 of the Orcish Mines
 22813 | Orc:2    | Entered Level 2 of the Orcish Mines
 22825 | Orc:1    | Noticed Erolcha
 22834 | Orc:1    | Paralysed by an ogre mage for 3 turns
 22837 | Orc:1    | HP: 3/122 [Erolcha/+5 spectral giant club (37)]
 22838 | Orc:1    | Slain by an ogre mage

Illustrated notes

Levels and vault maps discovered:
D:1:      minmay_arrival_wavy_path, layout_loops_ring,
          ebering_ecumenical_altar_abandoned, minmay_crystal_room
D:2:      layout_loops_ring, serial_shops, nicolae_lakefront_shop, uniq_sigmund,
          uniq_natasha, uniq_crazy_yiuf_cottage
D:3:      due_chaos_kobolds, layout_loops_ring, nicolae_dithmenos_shadow_blocks,
          lemuel_tele_altar, nicolae_tso_swordbearing_angel,
          cheibrodos_sewer_entry_drain, kennysheep_doodads, uniq_ijyb
D:4:      layout_loops_cross, hangedman_ru_absence, nicolae_uskayaw_en_pointe,
          ebering_ghost_reflecting_pool
D:5:      layout_basic, uniq_grinder
D:6:      layout_loops_ring, minmay_ruined_shrine, uniq_blork_the_orc,
          uniq_menkaure, uniq_edmund, uniq_duvessa, uniq_pikel
D:7:      kb_forest_paths, layout_basic, yredelemnul_altar_generic,
          mainiacjoe_overflow_catwalk, minmay_temple_entry_glassed_door,
          enter_bailey_6, minivault_14
D:8:      minmay_the_grid_octo_tiled_squarecenter
          [minmay_the_grid_octo_clover_2, minmay_the_grid_octo_odd_swirl,
          minmay_the_grid_octo_concentric, minmay_the_grid_octo_tetromino_candy,
          minmay_the_grid_square_5x5_megaprize_open,
          minmay_the_grid_square_5x5_hollow_slash, minmay_the_grid_square_5x5_n,
          minmay_the_grid_square_5x5_meh, minmay_the_grid_square_5x5_slash],
          layout_cave_pods, okawaru_altar_gauntlet_db,
          chequers_temple_overflow_statue_of_worship,
          biasface_ghost_orc_armoury, uniq_maurice
D:9:      layout_layer_cave, nicolae_diode_stairs
D:10:     layout_cave_pools, chei_slow_surprise, orc_david_3, serial_shops,
          nicolae_shop_hallway_stairs, serial_bayou, serial_bayou_shore_a,
          serial_bayou_pond_a, serial_bayou_pond_d, serial_bayou_shore_b,
          uniq_sonja
D:11:     layout_long_grid, due_lair_maze_entry_diamond, gauntlet_entry_generic,
          kennysheep_boxes
D:12:     layout_basic, kennysheep_small_square, uniq_azrael
D:13:     layout_rooms, grunt_vaults_entry_tiered, uniq_nessos, uniq_kirke
Temple:   nicolae_temple_ecumenical_triangle
Orc:1:    layout_diamond_mine, nicolae_volcano_entry_hallway,
          hellmonk_ghost_happy_afterlife, uniq_fannar, uniq_erolcha
Orc:2:    st_orc_ogre_mass, layout_caves

Skill      XL: |  1  2  3  4  5  6  7  8  9 10 11 12 13 |
---------------+----------------------------------------+-----
Axes           | 4 5 6 8 10 11 13 14 16 18 | 18.0
Fighting       | 4 5 6 7 8 9 11 12 13 | 13.4
Armour         | 3 4 5 6 8 10 12 14 16 | 16.3
Dodging        | 3 4 6 7 8 9 11 12 | 12.0

Action                   |  1- 3 |  4- 6 |  7- 9 | 10-12 | 13-15 || total
-------------------------+-------+-------+-------+-------+-------++-------
Melee: Hand axe          |    62 |   161 |   152 |       |       ||   375
       Headbutt          |     3 |    25 |    58 |   101 |    71 ||   258
       Punch             |       |     1 |       |       |       ||     1
       War axe           |       |       |   203 |   462 |   263 ||   928
       Unarmed           |       |       |       |       |     9 ||     9
Throw: Dart              |       |       |       |    22 |       ||    22
Invok: Berserk           |     1 |     2 |     4 |     7 |     6 ||    20
       Trog's Hand       |       |       |     1 |     4 |       ||     5
       Brothers in Arms  |       |       |       |     2 |     2 ||     4
  Use: Scroll            |       |       |     6 |    18 |     5 ||    29
       Potion            |       |       |     1 |     2 |       ||     3
 Stab: Sleeping          |       |     1 |       |       |       ||     1
Armor: Animal skin       |    12 |    18 |    25 |       |       ||    55
       Skin              |       |       |     1 |       |       ||     1
       Leather armour    |       |       |    76 |    10 |       ||    86
       Plate armour      |       |       |       |   256 |   137 ||   393
Dodge: Dodged            |    50 |    59 |   204 |   209 |   122 ||   644
Block: Kite shield       |       |       |   104 |   152 |   154 ||   410
       Reflection        |       |       |       |     1 |     6 ||     7
       Other             |       |       |       |       |     4 ||     4
